 Dungeon Crawl Stone Soup version 0.21-a0-529-g8c7b3f5 (webtiles) character file.

354 slep the Shield-Bearer (level 6, -2/32 HPs)
             Began as a Vine Stalker Fighter on Dec 10, 2017.
             Slain by Grinder (7 damage)
             ... on level 3 of the Dungeon.
             The game lasted 00:14:04 (3207 turns).

slep the Shield-Bearer (Vine Stalker Fighter)       Turns: 3207, Time: 00:14:05

Health: -2/32      AC:  8    Str: 19    XL:     6   Next: 62%
Magic:  0/7        EV:  8    Int:  8    God:
Gold:   190        SH:  9    Dex: 15    Spells: 5/5 levels left

rFire    . . .     SeeInvis .   a - +0 war axe
rCold    . . .     Gourm    .   c - +0 shield
rNeg     . . .     Faith    .   b - +0 scale mail
rPois    .         Spirit   +   h - +0 helmet
rElec    .         Reflect  .   (no cloak)
rCorr    .         Harm     .   (no gloves)
MR       .....                  (no boots)
Stlth    ..........             s - amulet of inaccuracy (curse)
HPRegen  0.50/turn              (no ring)
MPRegen  0.10/turn              (no ring)

@: no status effects
A: fangs 2, regeneration 1, magic shield, antimagic bite, no potion heal 3, rot
immunity
a: no special abilities


You were on level 3 of the Dungeon.
You were very hungry.

You visited 1 branch of the dungeon, and saw 5 of its levels.
You also visited: Sewer.

You collected 190 gold pieces.

Inventory:

Hand Weapons
 a - a +0 war axe (weapon)
Armour
 b - a +0 scale mail (worn)
 c - a +0 shield (worn)
 h - a +0 helmet (worn)
Jewellery
 s - a cursed amulet of inaccuracy (around neck)
 w - an uncursed ring of poison resistance {unknown}
Wands
 n - a wand of iceblast (5)
Scrolls
 l - a scroll of immolation {unknown}
 o - 2 scrolls of teleportation {unknown}
 p - a scroll of enchant armour {unknown}
 q - 5 scrolls of remove curse {unknown}
 r - 5 scrolls of identify {unknown}
 t - 2 scrolls of magic mapping {unknown}
 u - a scroll of noise {unknown}
 v - a scroll of amnesia {unknown}
 y - a scroll of random uselessness {unknown}
Potions
 d - a potion of might
 e - 2 potions of flight {unknown}
 i - 4 potions of haste {unknown}
 j - a potion of magic {unknown}
 k - 2 potions of lignification {unknown}
 m - a potion of heal wounds {unknown}
 x - a potion of invisibility {unknown}
 z - 3 potions of degeneration {unknown}
 B - a potion of berserk rage {unknown}
Comestibles
 f - 3 bread rations
 g - 7 meat rations
 A - 6 fruits
 C - a royal jelly


   Skills:
 + Level 3.4 Fighting
 + Level 3.7 Axes
 + Level 3.3 Armour
 + Level 1.2 Dodging
 + Level 0.1 Stealth
 + Level 4.0 Shields
 + Level 0.6 Evocations


You had 5 spell levels left.
You didn't know any spells.

Dungeon Overview and Level Annotations

Branches:
Dungeon (5/15)
 Temple: D:4-7

Altars:
Ashenzari
Nemelex Xobeh
Yredelemnul

Annotations:
D:3 Grinder


Innate Abilities, Weirdness & Mutations

You have extremely sharp teeth.
Your natural rate of healing is unusually fast.
When hurt, damage is shared between your health and your magic reserves.
Your bite disrupts and absorbs the magic of your enemies.
Potions cannot restore your health.
You are immune to rotting.


Message History

* * * LOW HITPOINT WARNING * * *
Grinder hits you but does no damage. Grinder gestures at you.
You shrug off the repeated paralysis!
Grinder hits you but does no damage.
Grinder blinks!
You can move again.
Grinder gestures at you. You resist with some effort. Grinder hits you.
You writhe in agony.
You hit Grinder but do no damage.
Grinder is severely wounded.
Grinder hits you.
* * * LOW HITPOINT WARNING * * *
You writhe in agony.
* * * LOW HITPOINT WARNING * * *
You miss Grinder. Your bite misses Grinder.
Grinder is severely wounded.
Grinder hits you!
You die...

......### #.# #..# #.# #.......#
#.# #..####.# #.##..#.# ##'##
#....##.# #.##.>#.# ##...##
#.##.##.# #.#..##.# ##.....##
#.##.##.# #.#...#.# ##.......##
##.##.##.#
......).###.........####........#
..........'.........'>.......####
###....####.....@...####...#.#
###.#.### ##....5..## ##.##.#
........# ##.(...## ####.##
###.###.# ##...## #....# # #.#
#.# ##'## #..#.# # #.###.# #.#
#....# # #.....# #.# ##.### #
#####.#######.## #.# #
#........##...## #.#


You could see Grinder.

Vanquished Creatures
  Purgy (Sewer)
  A howler monkey (D:4)
  Jessica (D:3)
  A worker ant (D:4)
  A howler monkey skeleton (D:4)
  6 adders
  A river rat (D:4)
  An ooze (D:2)
  5 worms
  2 dart slugs (D:1)
  A leopard gecko (D:3)
  2 orcs (D:3)
  3 ball pythons (D:4)
  9 bats
  4 giant cockroaches
  7 goblins
  8 hobgoblins
  3 jackals (D:4)
  2 quokkas
  A ball python skeleton (D:4)
  3 frilled lizards
  9 kobolds
  7 rats
79 creatures vanquished.

Notes
Turn   | Place    | Note
-------+----------+-------------------------------------------
     0 | D:1      | slep the Vine Stalker Fighter began the quest for the Orb.
     0 | D:1      | Reached XP level 1. HP: 11/11 MP: 2/2
    79 | D:1      | Found a sparkling altar of Nemelex Xobeh.
   204 | D:1      | Reached XP level 2. HP: 16/16 MP: 3/3
   682 | D:2      | Reached skill level 3 in Shields
   682 | D:2      | Reached XP level 3. HP: 20/20 MP: 4/4
   801 | D:2      | Found a basalt altar of Yredelemnul.
   819 | D:2      | Gained mutation: Your natural rate of healing is unusually fast. [Vine Stalker growth]
   819 | D:2      | Reached XP level 4. HP: 20/24 MP: 5/5
   988 | D:2      | Found a shattered altar of Ashenzari.
  1427 | D:3      | Noticed Jessica
  1430 | D:3      | Killed Jessica
  1628 | D:3      | Noticed Grinder
  1676 | D:3      | Paralysed by Grinder for 5 turns
  1685 | D:3      | Paralysed by Grinder for 5 turns
  1735 | D:3      | Reached XP level 5. HP: 28/28 MP: 6/6
  1789 | D:3      | Paralysed by Grinder for 6 turns
  1812 | D:3      | Paralysed by Grinder for 4 turns
  1828 | D:3      | Paralysed by Grinder for 6 turns
  1895 | D:3      | Paralysed by Grinder for 6 turns
  2134 | D:4      | Found a glowing drain.
  2141 | Sewer    | Entered a sewer
  2197 | Sewer    | Noticed Purgy
  2219 | Sewer    | Killed Purgy
  2219 | Sewer    | Reached skill level 1 in Dodging
  2219 | Sewer    | Reached XP level 6. HP: 8/32 MP: 2/7
  2581 | D:5      | Entered Level 5 of the Dungeon
  2585 | D:5      | Noticed a hippogriff
  2704 | D:4      | Reached skill level 4 in Shields
  3178 | D:3      | Paralysed by Grinder for 7 turns
  3196 | D:3      | Paralysed by Grinder for 6 turns
  3207 | D:3      | Slain by Grinder

Vault maps used:
D:1:      shiori_arrival_oz, nemelex_xobeh_ov_fountains_minmay
D:2:      overflow_temple_1_default, nicolae_ashenzari_panopticon
D:3:      first_bread, uniq_jessica, uniq_grinder
D:4:      portal_sewer_entry_e
D:5:      nicolae_qazlal_general_emergency
Sewer:    kennysheep_door_sewer

Skill      XL: |  1  2  3  4  5  6 |
---------------+-------------------+-----
Fighting       | 3 |  3.4
Shields        | 3 4 |  4.0
Axes           | 2 3 |  3.7
Armour         | 3 |  3.3
Dodging        | 1 |  1.2
Stealth        | |  0.1
Evocations     | |  0.6

Action                   |  1- 3 |  4- 6 || total
-------------------------+-------+-------++-------
Melee: War axe           |    79 |   237 ||   316
       Bite              |    23 |    66 ||    89
Evoke: Wand              |       |    10 ||    10
  Eat: Chunk             |       |     7 ||     7
Armor: Scale mail        |    39 |   153 ||   192
Dodge: Dodged            |    22 |   105 ||   127
Block: Shield            |    40 |   156 ||   196

Table legend:
 A = Spawn XP
 B = Non-spawn XP
 C = Spawn XP percentage of total XP
 D = Spawn monster count
 E = Non-spawn monster count
 F = Spawn count percentage of total count
 G = Total turns spent on level
                    A         B        C        D         E        F      G
               +---------+---------+-------+---------+---------+-------+---------
         Total |       0 |     506 |   0.0 |       0 |      79 |   0.0 |  3207
               +---------+---------+-------+---------+---------+-------+---------
           D:1 |       0 |      31 |   0.0 |       0 |      16 |   0.0 |   660
           D:2 |       0 |      87 |   0.0 |       0 |      23 |   0.0 |   722
           D:3 |       0 |      55 |   0.0 |       0 |      10 |   0.0 |   988
           D:4 |       0 |     177 |   0.0 |       0 |      24 |   0.0 |   538
         Sewer |       0 |     156 |   0.0 |       0 |       6 |   0.0 |   193
               +---------+---------+-------+---------+---------+-------+---------
